 Dungeon Crawl Stone Soup version 0.13-a0-2202-g857913d (webtiles) character file.

61 Kae the Firebug (level 3, 17/19 HPs)
             Began as a Tengu Fire Elementalist on July 2, 2013.
             Quit the game on Level 1 of the Dungeon.
             The game lasted 00:02:02 (740 turns).

Kae the Firebug (Tengu Fire Elementalist)            Turns: 740, Time: 00:02:03

HP  17/19        AC  2     Str  9      XL: 3   Next:  2%
MP   3/7         EV 12     Int 15      God:
Gold 37          SH  0     Dex 14      Spells:  1 memorised,  3 levels left

Res.Fire  : . . .   See Invis. : .   (no weapon)
Res.Cold  : . . .   Warding    : .   a - +0 robe
Life Prot.: . . .   Conserve   : .   (no shield)
Res.Poison: .       Res.Corr.  : .   (helmet restricted)
Res.Elec. : .       Clarity    : .   (no cloak)
Sust.Abil.: . .     Spirit.Shd : .   (no gloves)
Res.Mut.  : .       Stasis     : .   (boots unavailable)
Res.Rott. : .       Flight     : .   (no amulet)
Saprovore : . . .                    (no ring)
                                     (no ring)

@: not resistant to hostile enchantments, fairly stealthy
A: beak, talons 3
a: no special abilities


You were on level 1 of the Dungeon.
You were not hungry.

You visited 1 branch of the dungeon, and saw 1 of its levels.

You collected 17 gold pieces.

Inventory:

Armour
 a - a +0 robe (worn)
Comestibles
 c - 2 bread rations
 f - a beef jerky
 i - 2 meat rations
Scrolls
 d - 3 scrolls of remove curse {unknown}
 e - a scroll of magic mapping {unknown}
 h - a scroll of curse weapon {unknown}
 j - a scroll of blinking {unknown}
Potions
 g - a potion of confusion {unknown}
Books
 b - a book of Flames

   Spells                             Type                      Level
   *Flame Tongue                      Conjuration/Fire             1
   Throw Flame                        Conjuration/Fire             2
   Conjure Flame                      Conjuration/Fire             3
   Inner Flame                        Hexes/Fire                   3
   Sticky Flame                       Conjuration/Fire             4
   Fireball                           Conjuration/Fire             5


   Skills:
 - Level 2.1 Dodging
 - Level 2.0 Stealth
 + Level 1.4 Spellcasting
 * Level 2.3 Conjurations
 * Level 3.9 Fire Magic


You had 3 spell levels left.
You knew the following spells:

 Your Spells              Type           Power        Failure   Level  Hunger
a - Flame Tongue          Conj/Fire      ##...        8%          1    ##.....


Dungeon Overview and Level Annotations

Branches:
Dungeon (1/27)

Altars:
Fedhas


Innate Abilities, Weirdness & Mutations

You have a beak for a mouth.
You have claws for feet.


Message History

You miscast Flame Tongue.
Wisps of smoke drift from your hands.
Casting: Flame Tongue
Confirm with . or Enter, or press ? or * to list all spells.
Aiming: Flame Tongue
Press: ? - help, Shift-Dir - straight line, f/p - hobgoblin
Aim: a hobgoblin, wielding a club You miscast Flame Tongue.
The air around you burns with energy! The hobgoblin closely misses you.
Casting: Flame Tongue
Confirm with . or Enter, or press ? or * to list all spells.
Aiming: Flame Tongue
Press: ? - help, Shift-Dir - straight line, f/p - hobgoblin
Aim: a hobgoblin, wielding a club The flame hits the hobgoblin.
You kill the hobgoblin!
You have reached level 3!
Your experience leads to an increase in your attributes!
Increase (S)trength, (I)ntelligence, or (D)exterity?
You feel stronger.
Are you sure you want to abandon this character and quit the game? (Confirm with "yes".)

......#.#.######.###########...%.
......#...# #.# #...#.
.._.....### #.### #...#.
......#.# #...# #####.
......#.### ##...# #. ....)##...#
#....### ### #. ##.####.#.#
#......# #... #. ..........#
##.)...>#### #...##% #....#....#
#..@................ #...##.(..#
#.#.##...### #####.. ##.....####
#.#.# .# ######..
.......#######.#.# ####...##..
...............#.######......##..
.............................##..
.#.#.#.#.###...#.######...#####..
.#.#.#.#.# #...#...####.#..# #..
.#.#.#.#.# ####..^.........# #..


There were no monsters in sight!

Vanquished Creatures
  3 bats (D:1)
  4 goblins (D:1)
  4 hobgoblins (D:1)
  2 jackals (D:1)
  A giant cockroach (D:1)
  A giant gecko (D:1)
  2 giant newts (D:1)
  3 kobolds (D:1)
  3 rats (D:1)
23 creatures vanquished.

Vanquished Creatures (others)
  A rat (D:1)
1 creature vanquished.

Grand Total: 24 creatures vanquished

Notes
Turn   | Place    | Note
--------------------------------------------------------------
     0 | D:1      | Kae, the Tengu Fire Elementalist, began the quest for the Orb.
     0 | D:1      | Reached XP level 1. HP: 10/10 MP: 3/3
    51 | D:1      | Found a blossoming altar of Fedhas.
   216 | D:1      | Reached XP level 2. HP: 4/15 MP: 5/5
   739 | D:1      | Reached XP level 3. HP: 17/19 MP: 4/7
   740 | D:1      | Quit the game

Action                   || total
-------------------------++-------
Melee: Unarmed           ||    39
 Cast: Flame Tongue      ||    22
 Stab: Sleeping          ||     2
